 Dungeon Crawl Stone Soup version 0.28-a0-172-g787e458d71 (webtiles) character file.

Game seed: 4471320000908999423

21 hatdisgam the Shield-Bearer (level 2, -4/26 HPs)
             Began as a Gnoll Wanderer on Aug 17, 2021.
             Slain by a gnoll (7 damage)
             ... on level 4 of the Dungeon.
             The game lasted 00:01:34 (1469 turns).

hatdisgam the Shield-Bearer (Gnoll Wanderer)        Turns: 1469, Time: 00:01:35

Health: -4/26      AC:  5    Str: 10    XL:     2   Next: 83%
Magic:  5/5        EV: 10    Int:  9    God:
Gold:   47         SH:  0    Dex: 14    Spells: 5/6 levels left

rFire   . . .      SeeInvis .   g - +2 short sword (protect)
rCold   . . .      Faith    .   (no shield)
rNeg    . . .      Spirit   .   b - +0 ring mail
rPois   .          Reflect  .   (no helmet)
rElec   .          Harm     .   (no cloak)
rCorr   .          Rampage  .   (no gloves)
Will    .....                   (no boots)
Stlth   +.........              (no amulet)
HPRegen 0.08/turn               (no ring)
MPRegen 0.09/turn               (no ring)

@: no status effects
A: fangs 1, strong nose, distributed training
a: no special abilities


You were on level 4 of the Dungeon.
You visited 1 branch of the dungeon, and saw 3 of its levels.

You collected 47 gold pieces.

Inventory:

Hand Weapons
 a - a +0 hand axe
 g - a +2 short sword of protection (weapon)
Armour
 b - a +0 ring mail (worn)
Jewellery
 j - a ring of flight
Scrolls
 e - a scroll of identify
 h - a scroll of noise {unknown}
 i - a scroll of vulnerability {unknown}
Potions
 f - a potion of flight {unknown}


   Skills:
 + Level 4.5 Fighting
 + Level 0.5 Short Blades
 + Level 0.5 Long Blades
 + Level 4.5 Axes
 + Level 0.5 Maces & Flails
 + Level 0.5 Polearms
 + Level 0.5 Staves
 + Level 0.5 Slings
 + Level 0.5 Bows
 + Level 0.5 Crossbows
 + Level 0.5 Throwing
 + Level 2.5 Armour
 + Level 0.5 Dodging
 + Level 0.5 Stealth
 + Level 4.5 Shields
 + Level 0.5 Unarmed Combat
 + Level 2.7 Spellcasting
 + Level 0.3 Conjurations
 + Level 0.3 Hexes
 + Level 3.7 Summonings
 + Level 0.3 Necromancy
 + Level 0.3 Translocations
 + Level 0.3 Transmutations
 + Level 0.3 Fire Magic
 + Level 0.3 Ice Magic
 + Level 0.3 Air Magic
 + Level 0.3 Earth Magic
 + Level 0.3 Poison Magic
 + Level 0.6 Invocations
 + Level 0.5 Evocations


You had 5 spell levels left.
You knew the following spells:

 Your Spells              Type           Power      Damage    Failure   Level
a - Magic Dart            Conj           4%         1d3       54%         1

Your spell library contained the following spells:

 Spells                   Type           Power      Damage    Failure   Level
 Call Imp                 Summ           7%         N/A       26%         2
 Blink                    Tloc           N/A        N/A       69%         2
 Slow                     Hex            1%         N/A       69%         2
 Conjure Flame            Conj/Fire      1%         6-21      89%         3
 Mephitic Cloud           Conj/Pois/Air  1%         N/A       89%         3


Dungeon Overview and Level Annotations

Branches:
Dungeon (2/15)

Altars:


Innate Abilities, Weirdness & Mutations

You have very sharp teeth.
Your uncanny sense of smell can sniff out nearby items.
Your experience applies equally to all skills.


Message History

There are monsters nearby!
You fall into a shaft and drop 2 floors!
The shaft crumbles and collapses.
A hobgoblin comes into view. It is wielding a +0 club.
The hobgoblin shouts!
A hobgoblin comes into view. It is wielding a +0 club.
The hobgoblin shouts!
A goblin comes into view. It is wielding a +0 club.
The goblin shouts!
A hobgoblin comes into view. It is wielding a +0 club.
The hobgoblin shouts!
A gnoll comes into view. It is wielding a +0 spear.
The gnoll shouts!
A goblin comes into view. It is wielding a +0 club.
The goblin shouts!
A hobgoblin comes into view. It is wielding a +0 club.
The hobgoblin shouts!
As you read the scroll labelled ABLOIDIZUO, it crumbles to dust.
It is a scroll of identify.
c - a scroll of teleportation The hobgoblin closely misses you.
The goblin hits you but does no damage. The gnoll hits you with a +0 spear.
The hobgoblin hits you with a +0 club. The goblin hits you with a +0 club.
As you read the scroll of teleportation, it crumbles to dust.
You feel strangely unstable. The hobgoblin hits you with a +0 club.
The goblin hits you but does no damage. The gnoll hits you with a +0 spear.
The hobgoblin hits you with a +0 club. The goblin closely misses you.
You closely miss the gnoll. You bite the gnoll, but do no damage.
The goblin barely misses you. The hobgoblin hits you with a +0 club.
* * * LOW HITPOINT WARNING * * *
The gnoll completely misses you. The hobgoblin hits you with a +0 club.
* * * LOW HITPOINT WARNING * * *
The goblin hits you with a +0 club.
* * * LOW HITPOINT WARNING * * *
It was a potion of cancellation.
You feel strangely stable.
You feel magically purged.
The hobgoblin hits you but does no damage.
The goblin hits you but does no damage. The gnoll hits you with a +0 spear!
You die... ##+## #.gg# #ggg# #g@g# #####

You could see a gnoll, 4 hobgoblins and 2 goblins.

Vanquished Creatures
  4 ball pythons (D:1)
  3 endoplasms (D:1)
  2 hobgoblins (D:1)
  3 kobolds
  A quokka (D:1)
  A bat (D:1)
  A frilled lizard (D:1)
  5 rats (D:1)
20 creatures vanquished.

Vanquished Creatures (others)
  5 plants (D:2)
5 creatures vanquished.

Grand Total: 25 creatures vanquished

Notes
Turn   | Place    | Note
-------+----------+-------------------------------------------
     0 | D:1      | hatdisgam the Gnoll Wanderer began the quest for the Orb.
     0 | D:1      | hatdisgam set off with the following items: a +0 hand axe,
                  | a +0 ring mail; and the following spell memorised: Magic
                  | Dart; and the following spells available to memorise: Call
                  | Imp, Blink, Slow, Conjure Flame, Mephitic Cloud
     0 | D:1      | Reached XP level 1. HP: 20/20 MP: 4/4
   296 | D:1      | Reached XP level 2. HP: 4/26 MP: 5/5
  1364 | D:2      | Found a faded altar of an unknown god.
  1465 | D:2      | You fall into a shaft and drop 2 floors!
  1469 | D:4      | Slain by a gnoll

Illustrated notes

Levels and vault maps discovered:
D:1:      minmay_arrival_plants_in_alcoves, layout_rooms
D:2:      layout_basic, hellmonk_ecumenical_altar_heavens_door,
          serial_bayou_lagoon_a
D:4:      minmay_goblin_kobold_castle, layout_loops_ring,
          mainiacjoe_overflow_six_doors_small, gammafunk_ghost_split,
          serial_shops, kennysheep_mini

Action                   || total
-------------------------++-------
Melee: Hand axe          ||    53
       Bite              ||     6
       Short sword       ||    25
       Punch             ||     1
  Use: Scroll            ||     2
       Potion            ||     1
Armor: Ring mail         ||    39
Dodge: Dodged            ||    49

Table legend: (Time is in decaauts)
 A = Elapsed time spent in this place.
 B = Non-inter-level travel time spent in this place.
 C = Inter-level travel time spent in this place.
 D = Time resting spent in this place.
 E = Time spent auto-exploring this place.
 F = Levels seen in this place.
 G = Mean time per level.
                   A        B        C        D        E       F      G
               +--------+--------+--------+--------+--------+-----+--------+
         Total |   1475 |   1464 |     11 |    252 |   1039 |   3 |  491.7 |
       Dungeon |   1475 |   1464 |     11 |    252 |   1039 |   3 |  491.7 |
               +--------+--------+--------+--------+--------+-----+--------+

Top non-repeatable levels by time:
     D:1: 1107 daAuts
     D:2: 363 daAuts
     D:4: 3 daAuts
